 Dungeon Crawl Stone Soup version 0.26.0-5-gb5863c6483 (webtiles) character file.

Game seed: 8463164601089850966

493797 DerHolg the Harbinger of Death (level 24, -3/228 HPs)
             Began as a Hill Orc Monk on Jan 9, 2021.
             Was a High Priest of Yredelemnul.
             Splashed by a yellow draconian's acid (11 damage)
             ... on level 3 of the Realm of Zot on Jan 10, 2021.
             The game lasted 05:54:06 (73812 turns).

DerHolg the Harbinger of Death (Hill Orc Monk)     Turns: 73812, Time: 05:54:06

Health: -3/228     AC: 46    Str: 27    XL:     24   Next: 78%
Magic:  32/38      EV: 16    Int: 12    God:    Yredelemnul [*****.]
Gold:   1162       SH: 24    Dex: 11    Spells: 21/23 levels left

rFire    + + .     SeeInvis +   a - +5 trident "Fituttia" {freeze, rPois Str+4 Dex-2 SInv}
rCold    + . .     Faith    .   z - +5 kite shield
rNeg     . . .     Spirit   .   y - +27 Lear's hauberk
rPois    +         Reflect  +   (helmet currently unavailable)
rElec    .         Harm     .   l - +2 cloak {Will+}
rCorr    .         Rampage  .   (gloves currently unavailable)
Will     ++++.                  (boots currently unavailable)
Stlth    ..........             P - amulet of Atheism {Reflect rF+ Will++ SH+5 Stlth+}
HPRegen  0.48/turn              o - ring of protection from fire
MPRegen  0.26/turn              D - ring of protection from cold

@: studying Invocations
A: clever 1, clumsy 1
}: 3/15 runes: decaying, serpentine, silver
a: Renounce Religion, Recall Undead Slaves, Injury Mirror, Animate Dead, Drain
Life, Enslave Soul


You were on level 3 of the Realm of Zot.
You worshipped Yredelemnul.
Yredelemnul was extremely pleased with you.
You visited 9 branches of the dungeon, and saw 46 of its levels.
You also visited: Bailey and Gauntlet.

You collected 6555 gold pieces.
You spent 5393 gold pieces at shops.

Inventory:

Hand Weapons
 a - the +5 trident "Fituttia" (weapon) {freeze, rPois Str+4 Dex-2 SInv}
   (You found it on level 3 of the Swamp)

   It has been specially enchanted to freeze those struck by it, causing extra
   injury to most foes and up to half again as much damage against particularly
   susceptible opponents.
   It can also slow down cold-blooded creatures.
   It affects your strength (+4).
   It affects your dexterity (-2).
   It protects you from poison.
   It lets you see invisible.
 b - the +2 hand axe of Putrescence {elec, rElec Str+8 Dex-4 Stlth-}
   (You found it on level 2 of the Depths)

   Occasionally, upon striking a foe, it can discharge electrical energy and
   cause terrible harm.
   It affects your strength (+8).
   It affects your dexterity (-4).
   It insulates you from electricity.
   It makes you less stealthy.
Armour
 l - a +2 cloak of willpower (worn)
 y - the +27 Lear's hauberk (worn)
   (You bought it in a shop on level 2 of the Orcish Mines)
 z - a +5 kite shield (worn)
Jewellery
 o - a ring of protection from fire (left hand)
 D - a ring of protection from cold (right hand)
 P - the amulet of Atheism (around neck) {Reflect rF+ Will++ SH+5 Stlth+}
   (You bought it in a shop on level 3 of the Depths)

   [amulet of reflection]

   It shields you and reflects attacks.
   It protects you from fire.
   It affects your willpower, your defense against some magical effects.
   It affects your SH (+5).
   It makes you more stealthy.
Wands
 m - a wand of iceblast (19)
 q - a wand of digging (14)
 t - a wand of flame (105)
 u - a wand of paralysis (54)
 v - a wand of disintegration (27)
 I - a wand of acid (66)
 R - a wand of polymorph (47)
 X - a wand of enslavement (18)
Scrolls
 c - 31 scrolls of teleportation
 d - 14 scrolls of blinking
 g - 4 scrolls of identify
 h - 10 scrolls of enchant weapon
 k - 4 scrolls of amnesia
 p - a scroll of enchant armour
 r - a scroll of summoning
 A - 8 scrolls of immolation
 C - 3 scrolls of silence
 F - 34 scrolls of remove curse
 J - 4 scrolls of fog
 K - 5 scrolls of brand weapon
 M - 7 scrolls of fear
 W - 5 scrolls of magic mapping
Potions
 e - 17 potions of curing
 f - 5 potions of flight
 i - 2 potions of magic
 j - 6 potions of mutation
 n - 9 potions of heal wounds
 s - 3 potions of brilliance
 w - 4 potions of berserk rage
 x - a potion of invisibility
 G - 2 potions of might
 L - 9 potions of ambrosia
 N - 6 potions of haste
 S - 10 potions of lignification
 V - 4 potions of resistance
 Z - a potion of cancellation
Books
 H - a manual of Invocations


   Skills:
 + Level 21.3 Fighting
 - Level 16.0(17.6) Axes
 - Level 11.3(14.0) Polearms
 - Level 10.2 Slings
 + Level 19.8 Armour
 * Level 15.4 Dodging
 - Level 1.5 Stealth
 - Level 15.0 Shields
 + Level 23.0 Invocations


You had 21 spell levels left.
You knew the following spells:

 Your Spells              Type           Power        Failure   Level
a - Blink                 Tloc           N/A          82%         2

Your spell library contained the following spells:

 Spells                   Type           Power        Failure   Level
 Animate Skeleton         Necr           0%           67%         1
 Corona                   Hex            0%           67%         1
 Foxfire                  Conj/Fire      0%           67%         1
 Magic Dart               Conj           0%           67%         1
 Shock                    Conj/Air       0%           67%         1
 Sting                    Tmut/Pois      0%           67%         1
 Summon Small Mammal      Summ           0%           67%         1
 Call Imp                 Summ           0%           82%         2
 Ensorcelled Hibernation  Hex/Ice        0%           82%         2
 Passwall                 Tmut/Erth      0%           82%         2
 Poisonous Vapours        Pois/Air       0%           82%         2
 Slow                     Hex            0%           82%         2
 Sublimation of Blood     Necr           0%           82%         2
 Swiftness                Air            0%           82%         2
 Call Canine Familiar     Summ           0%           96%         3
 Confusing Touch          Hex            0%           96%         3
 Conjure Flame            Conj/Fire      0%           96%         3
 Dazzling Flash           Conj/Hex       0%           96%         3
 Gell's Gravitas          Tloc           0%           96%         3
 Ignite Poison            Fire/Tmut/Pois 0%           96%         3
 Lesser Beckoning         Tloc           0%           96%         3
 Mephitic Cloud           Conj/Pois/Air  0%           96%         3
 Portal Projectile        Hex/Tloc       0%           96%         3
 Static Discharge         Conj/Air       0%           96%         3
 Summon Guardian Golem    Hex/Summ       0%           96%         3
 Teleport Other           Tloc           0%           96%         3
 Tukima's Dance           Hex            0%           96%         3
 Vampiric Draining        Necr           0%           96%         3
 Airstrike                Air            0%           100%        4
 Cause Fear               Hex            0%           100%        4
 Dispel Undead            Necr           0%           100%        4
 Leda's Liquefaction      Hex/Erth       0%           100%        4
 Olgreb's Toxic Radiance  Pois           0%           100%        4
 Passage of Golubria      Tloc           N/A          100%        4
 Petrify                  Tmut/Erth      0%           100%        4
 Summon Ice Beast         Ice/Summ       0%           100%        4
 Summon Lightning Spire   Summ/Air       0%           100%        4
 Bolt of Magma            Conj/Fire/Erth 0%           100%        5
 Borgnjor's Vile Clutch   Necr/Erth      0%           100%        5
 Excruciating Wounds      Necr           0%           100%        5
 Irradiate                Conj/Tmut      0%           100%        5
 Iskenderun's Battlesphe  Conj           0%           100%        5
 Lee's Rapid Deconstruct  Erth           0%           100%        5
 Lightning Bolt           Conj/Air       0%           100%        5
 Metabolic Englaciation   Hex/Ice        0%           100%        5
 Yara's Violent Unravell  Hex/Tmut       0%           100%        5
 Dispersal                Tloc           0%           100%        6
 Freezing Cloud           Conj/Ice/Air   0%           100%        6
 Hydra Form               Tmut           0%           100%        6
 Invisibility             Hex            0%           100%        6
 Iron Shot                Conj/Erth      0%           100%        6
 Statue Form              Tmut/Erth      0%           100%        6
 Dragon Form              Tmut           0%           100%        7
 Malign Gateway           Summ/Tloc      0%           100%        7
 Orb of Destruction       Conj           0%           100%        7
 Spellforged Servitor     Conj/Summ      0%           100%        7
 Disjunction              Tloc           0%           100%        8
 Ignition                 Fire           0%           100%        8
 Dragon's Call            Summ           0%           100%        9
 Shatter                  Erth           0%           100%        9
 Tornado                  Air            0%           100%        9


Dungeon Overview and Level Annotations

Branches:
Dungeon (15/15)            Temple (0/1) D:7            Lair (6/6) D:10
  Swamp (4/4) Lair:4        Snake (4/4) Lair:3        Slime (0/5) Lair:5
    Orc (2/2) D:10            Elf (2/3) Orc:2        Vaults (5/5) D:13
  Crypt (0/3) Vaults:2     Depths (5/5) D:15            Zot (3/5) Depths:5
 Bailey (visited)         Gauntlet (visited)

Altars:
Elyvilon
Fedhas
Hepliaklqana
Okawaru
Qazlal
Ru
Sif Muna
Wu Jian
Xom
Yredelemnul
Zin
The Shining One
Beogh
Lugonu

Shops:
D:7 [   D:11 *   Orc:2 [=*(   Snake:2 **   Vaults:2 ?   Vaults:3 ?([=?
Vaults:4 :   Depths:3 =:

Portals:
Hell: Depths:1 Depths:2 Depths:3 Depths:4 Depths:5
Abyss: Depths:3 Depths:4
Pandemonium: Depths:2 Depths:3
Ziggurat: Depths:1

Annotations:
D:4 exclusion: downstairs
Elf:2 3 runed translucent doors
Vaults:2 exclusion: orange crystal statue
Depths:3 1 runed translucent door, Gemnonof's ghost, adept DgCj


Innate Abilities, Weirdness & Mutations

Your mind is acute. (Int +2)
You are clumsy. (Dex -2)


Message History

A red draconian comes into view. It is wielding a -1 scimitar.
The red draconian roars!
A Killer Klown comes into view.
It is wielding a +8 club of electrocution.
The Killer Klown shouts!
A yellow draconian comes into view. It is wielding a +0 flail.
The yellow draconian roars!
A yellow draconian knight comes into view.
It is wielding a +2 great sword of electrocution.
The yellow draconian knight roars!
A yellow draconian comes into view. It is wielding a +0 battleaxe.
The yellow draconian roars!
A yellow draconian comes into view. It is wielding a +0 halberd.
The yellow draconian roars!
A yellow draconian comes into view. It is wielding a +0 short sword.
The yellow draconian roars!
You hear a shout!
A yellow draconian comes into view. It is wielding a +0 dire flail.
The yellow draconian throws acid at you.
The glob of acid hits you but does no damage.
You are splashed with acid!
You die...
Your body rises from the dead as a mindless zombie.

... ##.
.d.q.d..#.#
...$....#.#
...}...p#.#
........#.#
.#
.d.q.d..#.#
.#
..........#
##.#
........#.#
...
..d.d..@#.#
#.#
........#.#
#'####
...d....#.#
.....#
.#.>.#..#.#
.....#
.#####.##.#
.....#
#.....##..#
.....#
#######..##
...?.#
........##
..(..#


You could see a Killer Klown, 2 draconians, 5 draconians and 2 draconians.

Vanquished Creatures
  An orb of fire (Zot:2)
  2 curse toes
  4 golden dragons
  the Enchantress (Depths:3)
  An electric golem (Zot:1)
  4 tentacled monstrosities
  2 liches (Depths:3)
  Rupert (D:14)
  2 titans (Vaults:5)
  A deep elf master archer (Elf:2)
  A deep elf blademaster (Depths:2)
  4 quicksilver dragons
  Gastronok (D:8)
  2 sphinxes
  5 shadow dragons
  4 death cobs
  3 storm dragons
  2 draconian monks
  5 tengu reavers
  A nagaraja (Snake:4)
  4 fire giants
  A deep elf sorcerer (Elf:2)
  8 frost giants
  A draconian scorcher (Zot:2)
  2 vault wardens
  A draconian knight (Zot:1)
  2 orc warlords
  A draconian stormcaller (Depths:5)
  A deep elf elementalist (Vaults:5)
  3 draconian annihilators
  A draconian shifter (Zot:3)
  An ironheart preserver (Vaults:5)
  4 spriggan defenders
  10 stone giants
  8 very ugly things
  A deep elf demonologist (Depths:3)
  3 vampire knights
  4 black draconians
  2 green draconians
  4 purple draconians
  4 yellow draconians
  5 red draconians
  2 spark wasps (Depths:3)
  A minotaur (Gauntlet)
  2 bunyips
  6 white draconians
  An entropy weaver (shapeshifter) (Depths:3)
  10 ettins
  3 deep elf death magi
  2 jiangshi (Depths:2)
  2 ice dragons
  4 fire dragons
  A hell beast (Depths:3)
  10 yaktaur captains
  Harold (Lair:2)
  6 great orbs of eyes
  5 rakshasas
  7 vault guards
  A hydra (D:12)
  A naga warrior (Snake:2)
  A catoblepas (shapeshifter) (Depths:4)
  4 centaur warriors
  3 spriggan air magi (Depths:5)
  A catoblepas (Lair:6)
  7 two-headed ogres
  13 dancing weapons
  2 deep troll shamans
  3 death yaks (Lair:6)
  3 tengu warriors
  A death scarab (Gauntlet)
  6 ogre magi
  2 vampire magi
  3 naga sharpshooters
  Urug (Lair:2)
  An orc high priest (Vaults:4)
  A sun demon (Depths:3)
  5 deep troll earth magi
  5 spriggans
  3 spriggan berserkers
  9 deep elf knights
  A soul eater (Depths:3)
  4 hell knights
  4 salamander mystics (Snake:4)
  A sea snake (Snake:1)
  6 deep trolls
  A naga ritualist (Snake:2)
  3 glowing orange brains
  A torturous demonspawn (Depths:3)
  An infernal demonspawn (Depths:3)
  A bog body (Swamp:3)
  A swamp dragon (Swamp:3)
  3 necromancers
  10 deep elf archers
  3 ironbrand convokers
  3 harpies (Vaults:5)
  A phantasmal warrior (Vaults:5)
  10 orc knights
  13 ugly things
  38 deep elf magi
  A mana viper (Snake:2)
  A lindwurm (Snake:4)
  A manticore (D:11)
  13 slime creatures
  An orc sorcerer (Orc:2)
  3 cyclopes
  9 moths of wrath
  9 black mambas
  5 salamanders
  Maurice (D:11)
  2 centaur zombies
  2 gargoyles
  4 naga magi (Snake:4)
  4 vault sentinels
  2 guardian serpents (Snake:4)
  3 elephants
  A yaktaur (shapeshifter) (D:13)
  10 cane toads
  A komodo dragon (shapeshifter) (D:15)
  20 yaktaurs
  3 freezing wraiths
  5 rime drakes
  A human skeleton (Vaults:3)
  A komodo dragon (Lair:5)
  6 tengu conjurers
  A queen bee (D:11)
  A queen bee (shapeshifter) (Depths:3)
  3 trolls
  A polar bear (Lair:1)
  5 hornets
  Grinder (D:3)
  A meliai zombie (D:13)
  5 blink frogs
  A centaur simulacrum (D:15)
  3 shadows
  2 air elementals (Elf:2)
  A redback (Vaults:5)
  A ynoxinul (Depths:3)
  11 yaks
  A wraith (Vaults:2)
  5 wyverns
  5 hogs (Snake:2)
  Eustachio (D:5)
  A fire bat (Depths:3)
  2 fire elementals
  2 basilisks (Lair:5)
  A human (D:6)
  3 swamp worm simulacra (Swamp:4)
  A hog (shapeshifter) (Vaults:1)
  9 soldier ants
  A spectral cane toad (Gauntlet)
  17 nagas
  An acid dragon (Vaults:1)
  3 swamp worms
  A hydra simulacrum (Swamp:4)
  A floating eye (Depths:3)
  3 water moccasins
  17 orc warriors
  3 ice beasts
  2 phantoms
  2 sky beasts
  A black bear (D:8)
  An eye of draining (D:13)
  An ogre (shapeshifter) (Vaults:3)
  3 boggarts
  20 ogres
  4 wolves
  7 centaurs
  2 big kobolds
  3 earth elementals
  2 gnoll sergeants (Bailey)
  12 bullfrogs
  4 scorpions
  14 killer bees
  4 wights
  6 howler monkeys
  An electric eel (D:9)
  2 crimson imps (Depths:3)
  3 quasits (Depths:3)
  2 bullfrog zombies
  7 hounds
  12 orc priests
  4 gnoll shamans
  17 orc wizards
  3 iguanas
  Ijyb (D:3)
  A hell rat (Lair:5)
  14 worker ants
  11 gnolls
  10 adders
  4 shadow imps
  3 white imps
  2 ufetubi
  An ooze (D:5)
  A swamp drake simulacrum (Swamp:4)
  2 adder skeletons
  3 worms
  4 dart slugs (D:1)
  5 leopard geckos
  51 orcs
  6 giant cockroaches
  9 goblins
  10 hobgoblins
  15 jackals
  4 quokkas
  A ball python skeleton (D:5)
  8 bats
  4 frilled lizards
  A goblin zombie (D:6)
  2 howler monkey zombies (D:12)
  A jackal zombie (D:6)
  11 kobolds
  9 rats
919 creatures vanquished.

Vanquished Creatures (collateral kills)
  A juggernaut (Depths:3)
  Frederick (Depths:5)
  Nikola (Snake:4)
  3 golden dragons
  A bone dragon (Depths:5)
  An electric golem (Depths:5)
  9 tentacled monstrosities
  3 titans (Vaults:5)
  3 liches
  3 quicksilver dragons
  A sphinx (Vaults:5)
  3 death cobs
  5 tengu reavers
  A draconian monk (Zot:3)
  8 nagarajas (Snake:4)
  6 shadow dragons
  10 storm dragons
  6 fire giants
  A draconian knight (Zot:1)
  11 vault wardens
  3 deep elf sorcerers (Vaults:5)
  An iron dragon (Depths:3)
  Aizul (Snake:4)
  Louise (Snake:1)
  6 frost giants
  A deep elf elementalist (Vaults:5)
  2 orc warlords
  8 ironheart preservers
  A draconian stormcaller (Depths:5)
  2 spriggan defenders (Depths:3)
  A war gargoyle (Vaults:3)
  A deep elf demonologist (Vaults:4)
  16 stone giants
  Nessos (D:13)
  5 very ugly things
  A draconian annihilator (Zot:2)
  4 black draconians
  A green draconian (Zot:1)
  A dire elephant (D:15)
  A vampire knight (Depths:1)
  3 deep elf annihilators
  The ghost of Befuwnopp the Grappler, a journeyman TrHu of Cheibriados (Lair:3)
  4 bunyips
  4 white draconians
  Azrael (Snake:3)
  6 spark wasps
  2 purple draconians (Zot:1)
  3 red draconians
  2 yellow draconians (Depths:5)
  3 entropy weavers
  A deep elf death mage (Vaults:5)
  2 eleionomae
  4 ettins
  A deep elf high priest (Vaults:5)
  A shambling mangrove (Swamp:3)
  5 fire dragons
  5 great orbs of eyes
  2 jiangshi
  12 ogre magi
  11 yaktaur captains
  16 naga warriors
  21 vault guards
  8 ice dragons
  5 rakshasas
  5 boulder beetles
  12 hydras
  6 spriggan air magi
  19 anacondas
  A ghost crab (Swamp:1)
  6 centaur warriors
  2 catoblepae
  2 death knights
  35 two-headed ogres
  7 alligators
  11 death yaks (Lair:6)
  A queen ant (D:12)
  8 deep troll shamans
  3 vampire magi
  12 naga sharpshooters
  4 tengu warriors
  2 dancing weapons (Elf:1)
  7 deep troll earth magi
  An orc high priest (Vaults:4)
  4 shock serpents
  4 spriggan berserkers
  A hell knight (Depths:4)
  4 deep elf knights
  4 iron trolls
  A skeletal warrior (Vaults:2)
  A salamander mystic (Snake:4)
  A fire crab (shapeshifter) (Vaults:2)
  A flayed ghost (Depths:4)
  7 goliath frogs
  A shadow wraith (Vaults:5)
  3 spriggan druids
  13 deep trolls
  An unseen horror (D:11)
  4 swamp dragons
  6 bog bodies
  A harpy (shapeshifter) (Vaults:3)
  3 glowing orange brains
  11 ironbrand convokers
  3 lindwurms (Snake:4)
  5 naga ritualists
  4 wizards
  3 deep elf archers
  A wolf spider zombie (D:11)
  5 sea snakes (Snake:1)
  11 harpies
  A necromancer (Vaults:3)
  27 ugly things
  2 phantasmal warriors (Vaults:5)
  11 mana vipers
  14 orc knights
  15 deep elf magi
  A wolf spider (Vaults:4)
  4 manticores
  A salamander (shapeshifter) (Vaults:2)
  A moth of wrath (shapeshifter) (Depths:3)
  4 will-o-the-wisps
  5 salamanders
  2 moths of wrath
  A fire giant skeleton (Vaults:3)
  7 elephants
  A cyclops (Orc:2)
  11 guardian serpents
  A torpor snail (shapeshifter) (Depths:1)
  41 black mambas
  A guardian serpent (shapeshifter) (Depths:5)
  A centaur zombie (D:12)
  A torpor snail (Lair:3)
  8 vault sentinels
  18 naga magi
  15 cane toads
  3 kobold demonologists (D:11)
  7 rime drakes
  12 komodo dragons
  A yaktaur (shapeshifter) (Depths:2)
  Maggie (Lair:1)
  An efreet (D:13)
  20 yaktaurs
  11 freezing wraiths
  5 polar bears
  3 tengu conjurers
  10 trolls
  A jumping spider (Vaults:5)
  A jumping spider (shapeshifter) (Vaults:5)
  12 tyrant leeches
  6 hornets
  A wind drake (shapeshifter) (D:15)
  18 slime creatures
  An ettin zombie (Vaults:3)
  19 blink frogs
  2 raiju (shapeshifter)
  A human simulacrum (Vaults:3)
  8 spriggans
  7 redbacks (D:14)
  7 wyverns
  2 shadows
  6 basilisks
  2 wraiths
  2 hogs (Snake:2)
  A fire bat (Depths:3)
  18 yaks
  13 vampire mosquitoes
  2 steam dragons
  A basilisk (shapeshifter) (Vaults:3)
  34 nagas
  3 swamp worm simulacra (Swamp:4)
  Menkaure (D:5)
  14 soldier ants (D:12)
  13 swamp worms
  An acid dragon (Vaults:1)
  3 wargs (Orc:2)
  3 hell hounds
  10 water moccasins
  12 hydra simulacra (Swamp:4)
  32 orc warriors
  A sky beast (D:13)
  An eye of draining (shapeshifter) (Vaults:4)
  An ice beast (D:12)
  An ettin simulacrum (Vaults:3)
  A swamp drake (Swamp:1)
  2 eyes of draining (D:12)
  A necrophage (D:11)
  A black bear (Lair:3)
  A phantom (D:10)
  10 boggarts
  31 ogres
  11 wolves
  11 centaurs
  3 big kobolds
  16 bullfrogs
  A wyvern skeleton (D:14)
  2 scorpions
  12 killer bees (D:11)
  2 howler monkeys (D:12)
  5 wights
  6 electric eels
  A bullfrog zombie (D:13)
  2 jellies
  A hound (D:11)
  A quasit (D:9)
  7 orc wizards
  12 orc priests
  A bullfrog skeleton (D:12)
  5 centaur skeletons
  An iguana (D:8)
  3 hell rats (Lair:5)
  16 worker ants
  A hound skeleton (D:11)
  A gnoll (Bailey)
  An adder (D:11)
  A white imp (Depths:2)
  2 ufetubi
  A swamp drake simulacrum (Swamp:4)
  54 orcs
  A quokka (D:12)
  9 kobolds
  A bush (Lair:2)
  A plant (Lair:4)
1274 creatures vanquished.

Vanquished Creatures (others)
  8 profane servitors
  A bone dragon (Zot:3)
  An azure jelly (Swamp:4)
  A draconian scorcher (Depths:5)
  10 ghouls
  A spectral orc (Depths:3)
  8 vampire knights
  A spectral draconian (Vaults:5)
  A spectral human (Snake:2)
  12 skeletal warriors
  A deep troll (Depths:5)
  8 flayed ghosts
  9 phantasmal warriors
  A deep elf archer (Elf:2)
  A deep elf mage (Vaults:5)
  A necromancer (Depths:3)
  2 bloated husks
  A meliai (shapeshifter) (Depths:1)
  21 flying skulls
  2 fire elementals (Snake:3)
  2 wraiths (Lair:6)
  14 vampires
  2 swamp worms (Swamp:4)
  A hell hound (Snake:3)
  6 very ugly thing zombies
  2 quicksilver dragon zombies
  4 storm dragon zombies
  An entropy weaver zombie (Vaults:5)
  A titan zombie (Vaults:5)
  5 spark wasp zombies
  8 tengu zombies
  3 golden dragon zombies
  A shadow dragon zombie (Zot:2)
  7 frost giant zombies
  3 wights
  3 anaconda zombies
  An iron dragon zombie (Depths:3)
  2 black draconian zombies (Depths:5)
  A death scarab zombie (Gauntlet)
  2 bunyip zombies (Swamp:4)
  3 red draconian zombies
  A purple draconian zombie (Depths:5)
  A redback zombie (Vaults:5)
  An eleionoma zombie (Swamp:4)
  2 yellow draconian zombies (Depths:5)
  A catoblepas zombie (Lair:6)
  3 fire giant zombies
  10 spriggan zombies
  3 draconian zombies
  7 stone giant zombies
  3 ghoul skeletons
  9 ugly thing zombies
  3 harpy zombies
  2 swamp worm zombies
  A purple draconian skeleton (Depths:5)
  4 moth of wrath zombies
  2 fire dragon zombies
  An iron troll zombie (Depths:3)
  13 yaktaur zombies
  3 deep troll zombies
  5 hydra zombies
  4 ice dragon zombies
  7 black mamba zombies
  4 white draconian zombies
  5 death yak zombies (Lair:6)
  3 guardian serpent zombies
  A human skeleton (Vaults:5)
  3 rime drake zombies (Lair:5)
  17 human zombies
  A swamp dragon zombie (Swamp:1)
  30 elf zombies
  7 ettin zombies
  4 two-headed ogre zombies
  2 tyrant leech zombies (Lair:6)
  2 vampire mosquito zombies
  12 bullfrog zombies
  2 hornet zombies
  5 wyvern zombies
  A basilisk zombie (Lair:5)
  6 blink frog zombies
  3 elephant zombies
  A hog zombie (Snake:2)
  3 komodo dragon zombies
  A manticore zombie (Lair:5)
  2 polar bear zombies (Lair:6)
  A queen bee zombie (D:11)
  2 salamander zombies (Depths:3)
  2 troll zombies (Orc:2)
  4 water moccasin zombies
  8 yak zombies
  5 cane toad zombies
  An elephant skeleton (Lair:6)
  4 worker ant zombies
  2 cyclops zombies (Orc:2)
  11 naga zombies (Snake:4)
  4 scorpion zombies
  A soldier ant zombie (D:12)
  An adder zombie (D:11)
  2 big kobold zombies
  10 centaur zombies
  5 gnoll zombies
  A hell hound zombie (Lair:5)
  A hell rat zombie (Lair:5)
  2 hound zombies
  A howler monkey zombie (D:11)
  An iguana zombie (D:9)
  2 jackal zombies (D:9)
  12 killer bee zombies
  5 kobold zombies (D:11)
  10 ogre zombies
  44 orc zombies
  A sky beast zombie (D:6)
  3 warg zombies (Orc:2)
  A worm zombie (D:6)
  19 foxfires
  93 fungi
  232 plants
  A withered plant (Gauntlet)
856 creatures vanquished.

Grand Total: 3049 creatures vanquished

Notes
Turn   | Place    | Note
-------+----------+-------------------------------------------
     0 | D:1      | DerHolg the Hill Orc Monk began the quest for the Orb.
     0 | D:1      | Reached XP level 1. HP: 19/19 MP: 1/1
   198 | D:1      | Reached XP level 2. HP: 25/27 MP: 2/2
   354 | D:1      | Reached skill level 1 in Armour
   546 | D:1      | Reached XP level 3. HP: 33/33 MP: 3/3
  1744 | D:2      | Found an ornate altar of the Wu Jian Council.
  1969 | D:2      | Reached XP level 4. HP: 39/40 MP: 4/4
  2107 | D:2      | Found a shimmering blue altar of Sif Muna.
  2288 | D:3      | Noticed Ijyb
  2312 | D:3      | Killed Ijyb
  2523 | D:3      | Reached skill level 5 in Axes
  2611 | D:3      | Reached XP level 5. HP: 34/47 MP: 5/5
  2794 | D:3      | Found a stormy altar of Qazlal.
  2949 | D:3      | Noticed Grinder
  2975 | D:3      | Killed Grinder
  2976 | D:3      | Reached skill level 5 in Fighting
  2976 | D:3      | Reached XP level 6. HP: 44/56 MP: 6/6
  3120 | D:3      | Found a white marble altar of Elyvilon.
  3859 | D:4      | Reached XP level 7. HP: 61/61 MP: 7/7
  4070 | D:4      | Found a sacrificial altar of Ru.
  4229 | D:5      | Entered Level 5 of the Dungeon
  4238 | D:5      | Noticed Menkaure
  4748 | D:5      | Noticed Eustachio
  4778 | D:5      | Killed Eustachio
  5180 | D:6      | Reached XP level 8. HP: 71/71 MP: 8/8
  5364 | D:6      | Found a runed translucent door.
  5396 | D:6      | Found a basalt altar of Yredelemnul.
  5433 | D:6      | Reached skill level 5 in Armour
  5442 | D:6      | Became a worshipper of Yredelemnul the Dark
  5442 | D:6      | Reached * piety under Yredelemnul
  5442 | D:6      | Reached ** piety under Yredelemnul
  5578 | D:6      | Reached skill level 1 in Invocations
  6050 | D:6      | Reached skill level 2 in Invocations
  6182 | D:6      | Reached skill level 5 in Dodging
  6564 | D:7      | Found a flagged portal.
  6570 | Bailey   | Entered a bailey
  6589 | Bailey   | Reached XP level 9. HP: 73/79 MP: 11/11
  6654 | Bailey   | Reached skill level 3 in Invocations
  6918 | D:7      | Found a staircase to the Ecumenical Temple.
  6990 | D:7      | Reached skill level 4 in Invocations
  7011 | D:7      | Reached *** piety under Yredelemnul
  7258 | D:7      | Found Xeysiat's Armour Shop.
  7266 | D:7      | Bought a +0 kite shield for 54 gold pieces
  7370 | D:7      | Reached skill level 1 in Shields
  7600 | D:7      | Found a hazy altar of Hepliaklqana.
  7601 | D:7      | Found a shimmering altar of Xom.
  7602 | D:7      | Noticed a spectral ugly thing
  7938 | D:7      | Reached skill level 5 in Invocations
  8108 | D:8      | You fall into a shaft and drop 2 floors!
  8108 | D:10     | Entered Level 10 of the Dungeon
  8399 | D:9      | Reached XP level 10. HP: 90/90 MP: 11/14
  8489 | D:9      | Reached **** piety under Yredelemnul
  8628 | D:9      | Reached skill level 6 in Invocations
  8770 | D:9      | Found a shimmering blue altar of Sif Muna.
  9260 | D:9      | Reached skill level 10 in Axes
  9391 | D:9      | Received a gift from Yredelemnul (a wight)
  9738 | D:8      | Noticed Gastronok
  9761 | D:8      | Killed Gastronok
  9762 | D:8      | Reached skill level 7 in Invocations
 10087 | D:8      | Received a gift from Yredelemnul (5 flying skulls)
 10153 | D:8      | Found a stormy altar of Qazlal.
 10207 | D:8      | Found a blossoming altar of Fedhas.
 10920 | D:10     | Reached skill level 5 in Shields
 10944 | D:10     | Noticed a gargoyle
 10953 | D:10     | Killed a gargoyle
 10987 | D:10     | Reached XP level 11. HP: 99/99 MP: 16/16
 11068 | D:10     | Found a staircase to the Lair.
 11097 | D:10     | Received a gift from Yredelemnul (a wight)
 11110 | D:10     | Reached ***** piety under Yredelemnul
 11112 | D:10     | Received a gift from Yredelemnul (2 flying skulls)
 11128 | D:10     | Found a roughly hewn altar of Beogh.
 11128 | D:10     | Found a staircase to the Orcish Mines.
 11137 | D:10     | Reached skill level 10 in Fighting
 11367 | D:10     | Reached skill level 8 in Invocations
 11374 | D:10     | Received a gift from Yredelemnul (a vampire)
 11655 | D:11     | Noticed a two-headed ogre
 11668 | D:11     | Received a gift from Yredelemnul (2 flying skulls)
 11668 | D:11     | Killed a two-headed ogre
 11929 | D:11     | Killed an unseen horror
 12059 | D:11     | Noticed Maurice
 12077 | D:11     | Killed Maurice
 12078 | D:11     | Reached skill level 9 in Invocations
 12316 | D:11     | Received a gift from Yredelemnul (5 flying skulls)
 12427 | D:11     | Noticed a manticore
 12429 | D:11     | Found Yhen's Assorted Antiques.
 12437 | D:11     | Killed a manticore
 12698 | Lair:1   | Entered Level 1 of the Lair of Beasts
 12774 | Lair:1   | Found a shimmering altar of Xom.
 12836 | Lair:1   | Received a gift from Yredelemnul (a vampire)
 12913 | Lair:1   | Noticed Maggie
 12924 | Lair:1   | Killed Maggie
 12925 | Lair:1   | Reached XP level 12. HP: 105/110 MP: 15/19
 12986 | Lair:1   | Noticed a four-headed hydra
 12995 | Lair:1   | Killed a four-headed hydra
 13837 | Lair:2   | Noticed Harold
 13848 | Lair:2   | Killed Harold
 13911 | Lair:2   | Received a gift from Yredelemnul (a phantasmal warrior)
 13943 | Lair:2   | Reached skill level 1 in Slings
 13945 | Lair:2   | Reached skill level 10 in Invocations
 14073 | Lair:2   | Reached skill level 10 in Armour
 14320 | Lair:2   | Noticed Urug
 14331 | Lair:2   | Killed Urug
 15326 | Lair:3   | Found a runed translucent door.
 15327 | Lair:3   | Noticed Befuwnopp's ghost (journeyman TrHu)
 15383 | Lair:3   | Found a staircase to the Snake Pit.
 16018 | Lair:4   | Identified the Handbook of Creative Sinister Arts
 16091 | Lair:4   | Noticed a catoblepas
 16107 | Lair:4   | Killed a catoblepas
 16169 | Lair:4   | Noticed an eight-headed hydra
 16176 | Lair:4   | Killed an eight-headed hydra
 16233 | Lair:4   | Received a gift from Yredelemnul (a skeletal warrior)
 16233 | Lair:4   | Reached XP level 13. HP: 29/117 MP: 19/21
 16652 | Lair:4   | Reached skill level 11 in Invocations
 16706 | Lair:4   | Found a staircase to the Swamp.
 17201 | Lair:5   | Received a gift from Yredelemnul (2 flying skulls)
 17219 | Lair:5   | Received a gift from Yredelemnul (5 flying skulls)
 17639 | Lair:5   | Found a staircase to the Slime Pits.
 18230 | Lair:6   | Entered Level 6 of the Lair of Beasts
 18288 | Lair:6   | Received a gift from Yredelemnul (a wraith)
 18517 | Lair:6   | Reached ****** piety under Yredelemnul
 18712 | Lair:6   | Reached skill level 5 in Slings
 18762 | Lair:6   | Received a gift from Yredelemnul (a wraith)
 18776 | Lair:6   | Reached skill level 12 in Invocations
 18889 | Lair:6   | Reached XP level 14. HP: 127/127 MP: 23/23
 19128 | Lair:6   | Reached skill level 10 in Shields
 19910 | Orc:1    | Entered Level 1 of the Orcish Mines
 19942 | Orc:1    | Found a roughly hewn altar of Beogh.
 20013 | Orc:1    | Received a gift from Yredelemnul (a skeletal warrior)
 20258 | Orc:2    | Entered Level 2 of the Orcish Mines
 20555 | Orc:2    | Received a gift from Yredelemnul (a vampire knight)
 20713 | Orc:2    | Found Bosasm's Jewellery Emporium.
 20713 | Orc:2    | Noticed an orc warlord
 20733 | Orc:2    | Received a gift from Yredelemnul (a bone dragon)
 20737 | Orc:2    | Killed an orc warlord
 20755 | Orc:2    | Received a gift from Yredelemnul (a vampire knight)
 20765 | Orc:2    | Reached skill level 13 in Invocations
 20956 | Orc:2    | Found Etheiteu's Armour Emporium.
 20979 | Orc:2    | Found Lobiuh's General Store.
 21001 | Orc:2    | Found Pekk's Antique Weapon Shoppe.
 21019 | Orc:2    | Found a staircase to the Elven Halls.
 21660 | D:12     | Received a gift from Yredelemnul (a profane servitor)
 22024 | D:12     | Received a gift from Yredelemnul (a profane servitor)
 22084 | D:12     | Noticed an entropy weaver
 22086 | D:12     | Killed an entropy weaver
 22092 | D:12     | Reached XP level 15. HP: 120/137 MP: 24/24
 22105 | D:12     | Received a gift from Yredelemnul (a phantasmal warrior)
 22467 | D:12     | Found the +3 robe of Folly {Archmagi, Will-- Int+5}
 22640 | D:13     | Noticed Nessos
 22655 | D:13     | Killed Nessos
 22660 | D:13     | Received a gift from Yredelemnul (a phantasmal warrior)
 22886 | D:13     | Reached skill level 15 in Axes
 23007 | D:13     | Found a gate to the Vaults.
 23121 | D:13     | Received a gift from Yredelemnul (a skeletal warrior)
 23481 | D:14     | Received a gift from Yredelemnul (a phantasmal warrior)
 23505 | D:14     | Found a gate leading to a gauntlet.
 23515 | Gauntlet | Entered a Gauntlet
 23515 | Gauntlet | Found a transporter.
 23515 | Gauntlet | Found a transporter.
 23564 | Gauntlet | Found a transporter.
 23577 | Gauntlet | Found a transporter.
 23595 | Gauntlet | Found a transporter.
 23595 | Gauntlet | Found a transporter.
 23595 | Gauntlet | Found a transporter.
 23597 | Gauntlet | Found a transporter.
 23597 | Gauntlet | Found a transporter.
 23608 | Gauntlet | Found a transporter.
 23623 | Gauntlet | Found a runed translucent door.
 23624 | Gauntlet | Found a transporter.
 23625 | Gauntlet | Found a runed translucent door.
 23634 | Gauntlet | Found a transporter.
 23648 | Gauntlet | Found a transporter.
 23668 | Gauntlet | Found a transporter.
 23857 | Gauntlet | Got a fine garnet amulet
 23858 | Gauntlet | Identified the amulet of Vipich {rC+ Regen+ Int+7} (You
                  | found it in a Gauntlet)
 23912 | Gauntlet | Identified the +7 great mace "Fiuc" {venom, Stlth+}
 24111 | D:14     | Noticed Rupert
 24124 | D:14     | Killed Rupert
 24407 | D:14     | Identified Sif Muna's Volume of Evil and Flight
 24528 | D:15     | Entered Level 15 of the Dungeon
 24661 | D:15     | Received a gift from Yredelemnul (a ghoul)
 25055 | D:15     | Found a staircase to the Depths.
 25307 | D:15     | Received a gift from Yredelemnul (a ghoul)
 25838 | D:5      | Killed Menkaure
 26158 | Lair:3   | Killed Befuwnopp's ghost
 26195 | Snake:1  | Entered Level 1 of the Snake Pit
 26338 | Snake:1  | Reached skill level 14 in Invocations
 26754 | Snake:1  | Noticed Louise
 26758 | Snake:1  | Killed Louise
 27560 | Snake:2  | Reached XP level 16. HP: 147/147 MP: 26/26
 27670 | Snake:2  | Noticed Kirke
 27677 | Snake:2  | Killed Kirke
 27677 | Snake:2  | Enslaved Kirke
 27761 | Snake:2  | Your ally Kirke died
 27840 | Snake:2  | Received a gift from Yredelemnul (a vampire)
 28000 | Snake:2  | Found Ferghup's General Store.
 28056 | Snake:2  | Bought a potion of haste for 150 gold pieces
 28056 | Snake:2  | Found Ythruawn's General Store.
 28996 | Snake:3  | Noticed Azrael
 29006 | Snake:3  | Killed Azrael
 29007 | Snake:3  | Received a gift from Yredelemnul (a vampire knight)
 29948 | Swamp:1  | Entered Level 1 of the Swamp
 30014 | Swamp:1  | Received a gift from Yredelemnul (a skeletal warrior)
 30161 | Swamp:1  | Reached skill level 15 in Fighting
 30174 | Swamp:1  | Received a gift from Yredelemnul (a vampire)
 30931 | Swamp:2  | Noticed Frances
 30939 | Swamp:2  | Killed Frances
 30939 | Swamp:2  | Enslaved Frances
 31169 | Swamp:2  | Received a gift from Yredelemnul (a phantasmal warrior)
 31594 | Swamp:3  | Reached skill level 15 in Invocations
 31629 | Swamp:3  | Received a gift from Yredelemnul (a vampire)
 31817 | Swamp:3  | Identified the +5 trident "Fituttia" {freeze, rPois Str+4
                  | Dex-2 SInv} (You found it on level 3 of the Swamp)
 32149 | Snake:4  | Entered Level 4 of the Snake Pit
 32162 | Snake:4  | Noticed a nagaraja
 32169 | Snake:4  | Killed a nagaraja
 32170 | Snake:4  | Received a gift from Yredelemnul (a vampire)
 32311 | Snake:4  | Reached skill level 1 in Polearms
 32434 | Snake:4  | Received a gift from Yredelemnul (a vampire)
 32459 | Snake:4  | Noticed Saint Roka
 32465 | Snake:4  | Killed Saint Roka
 32465 | Snake:4  | Enslaved Saint Roka
 32629 | Snake:4  | Identified the +3 leather armour of the Game of Kings
                  | {+Blink Dex+3} (You found it on level 4 of the Snake Pit)
 32683 | Snake:4  | Noticed Aizul
 32696 | Snake:4  | Killed Aizul
 32885 | Snake:4  | Reached XP level 17. HP: 156/156 MP: 28/28
 33077 | Snake:4  | Noticed Nikola
 33092 | Snake:4  | Killed Nikola
 33093 | Snake:4  | Received a gift from Yredelemnul (a ghoul)
 33285 | Snake:4  | Received a gift from Yredelemnul (a vampire)
 33887 | Snake:4  | Received a gift from Yredelemnul (a flayed ghost)
 34059 | Snake:4  | Reached skill level 10 in Slings
 34067 | Snake:4  | Reached skill level 5 in Polearms
 34088 | Snake:4  | Got a serpentine rune of Zot
 34497 | Swamp:4  | Entered Level 4 of the Swamp
 34553 | Swamp:4  | Received a gift from Yredelemnul (a vampire knight)
 34741 | Swamp:4  | Reached skill level 16 in Invocations
 35059 | Swamp:4  | Identified the cursed +1 ring mail "Besiobb" {rC+} (You
                  | found it on level 4 of the Swamp)
 35245 | Swamp:4  | Got a decaying rune of Zot
 35554 | Vaults:1 | Entered Level 1 of the Vaults
 35604 | Vaults:1 | Received a gift from Yredelemnul (a skeletal warrior)
 35860 | Vaults:1 | Reached XP level 18. HP: 147/166 MP: 27/30
 35870 | Vaults:1 | Received a gift from Yredelemnul (a vampire)
 35991 | Vaults:1 | Learned a level 2 spell: Blink
 36077 | Vaults:1 | Received a gift from Yredelemnul (a vampire knight)
 36911 | Vaults:1 | Upgraded the game from 0.26.0-3-g156281e41b to
                  | 0.26.0-5-gb5863c6483
 37117 | Vaults:2 | Reached skill level 15 in Armour
 37260 | Vaults:2 | Paralysed by a great orb of eyes for 4 turns
 37566 | Vaults:2 | Received a gift from Yredelemnul (a profane servitor)
 37614 | Vaults:2 | Identified the +5 scimitar "Gauhou" {drain, Str+4}
 37619 | Vaults:2 | Found a staircase to the Crypt.
 37676 | Vaults:2 | Found Tisunomp's Magic Scroll Shoppe.
 38298 | Vaults:3 | Found Ynges's Antique Armour Shop.
 38316 | Vaults:3 | Received a gift from Yredelemnul (a flayed ghost)
 38332 | Vaults:3 | Bought a runed cloak for 202 gold pieces
 38415 | Vaults:3 | Received a gift from Yredelemnul (a skeletal warrior)
 38486 | Vaults:3 | Found Amueraef's Jewellery Shoppe.
 38495 | Vaults:3 | Found Entot's Magic Scroll Emporium.
 38665 | Vaults:3 | Found Xonentawk's Magic Scroll Boutique.
 38679 | Vaults:3 | Found Appuyg Xaje's Antique Weapon Boutique.
 38719 | Vaults:3 | Received a gift from Yredelemnul (a skeletal warrior)
 38920 | Vaults:3 | Received a gift from Yredelemnul (a ghoul)
 38958 | Vaults:3 | Reached skill level 17 in Invocations
 39281 | Vaults:3 | Received a gift from Yredelemnul (a skeletal warrior)
 39408 | Vaults:3 | Received a gift from Yredelemnul (a skeletal warrior)
 39975 | Vaults:4 | Reached XP level 19. HP: 177/177 MP: 31/31
 39988 | Vaults:4 | Found Mibusuw's Book Shop.
 40084 | Vaults:4 | Found a glowing silver altar of Zin.
 40250 | Vaults:4 | Received a gift from Yredelemnul (a skeletal warrior)
 40463 | Vaults:4 | Received a gift from Yredelemnul (a profane servitor)
 40937 | Vaults:4 | Received a gift from Yredelemnul (a phantasmal warrior)
 41019 | Vaults:4 | Received a gift from Yredelemnul (a ghoul)
 41842 | Depths:1 | Entered Level 1 of the Depths
 41862 | Depths:1 | Received a gift from Yredelemnul (a vampire)
 41923 | Depths:1 | Found a gateway to a ziggurat.
 42185 | Depths:1 | Found a gateway to Hell.
 43102 | Depths:2 | Received a gift from Yredelemnul (a vampire)
 43311 | Depths:2 | Reached skill level 15 in Shields
 43698 | Depths:2 | Received a gift from Yredelemnul (a ghoul)
 43791 | Depths:2 | Received a gift from Yredelemnul (a vampire knight)
 44051 | Depths:2 | Received a gift from Yredelemnul (a flayed ghost)
 44151 | Depths:2 | Identified the +2 hand axe of Putrescence {elec, rElec
                  | Str+8 Dex-4 Stlth-} (You found it on level 2 of the Depths)
 44180 | Depths:2 | Found an iron altar of Okawaru.
 44195 | Depths:2 | Reached skill level 18 in Invocations
 44355 | Depths:2 | Identified the +1 ring mail "Uqihanas" {rCorr Int+2} (You
                  | found it on level 2 of the Depths)
 44398 | Depths:2 | Found a glowing golden altar of the Shining One.
 44432 | Depths:2 | Found a one-way gate leading to the halls of Pandemonium.
 44640 | Depths:3 | Your ally Saint Roka died
 44643 | Depths:3 | Received a gift from Yredelemnul (a skeletal warrior)
 44664 | Depths:3 | Found Geumewi's Jewellery Emporium.
 44672 | Depths:3 | Bought the amulet of Atheism {Reflect rF+ Will++ SH+5
                  | Stlth+} for 1214 gold pieces
 44688 | Depths:3 | Found Pikem's One-of-a-Kind Books.
 44712 | Depths:3 | Reached XP level 20. HP: 187/187 MP: 31/33
 44840 | Depths:3 | Noticed a juggernaut
 44851 | Depths:3 | Received a gift from Yredelemnul (a profane servitor)
 44860 | Depths:3 | Killed a juggernaut
 44890 | Depths:3 | Reached skill level 10 in Polearms
 44902 | Depths:3 | Noticed a lich
 44912 | Depths:3 | Killed a lich
 44914 | Depths:3 | Identified the amulet "Oceha" {Acrobat rN+}
 44935 | Depths:3 | Received a gift from Yredelemnul (a ghoul)
 45723 | Depths:3 | Received a gift from Yredelemnul (a phantasmal warrior)
 45994 | Depths:3 | Found a corrupted altar of Lugonu.
 45996 | Depths:3 | Found a one-way gate to the infinite horrors of the Abyss.
 46057 | Depths:3 | Noticed a Brimstone Fiend
 46606 | Depths:3 | Noticed a Tzitzimitl
 48173 | Depths:3 | Found a runed translucent door.
 48174 | Depths:3 | Noticed Gemnonof's ghost (adept DgCj)
 49119 | Elf:1    | Entered Level 1 of the Elven Halls
 49140 | Elf:1    | Received a gift from Yredelemnul (a phantasmal warrior)
 49365 | Elf:1    | Received a gift from Yredelemnul (a flayed ghost)
 49490 | Elf:1    | Reached XP level 21. HP: 195/195 MP: 34/34
 49755 | Elf:1    | Received a gift from Yredelemnul (a phantasmal warrior)
 49772 | Elf:1    | Identified the amulet of Wibrat {RegenMP +Fly rPois Slay+3}
 49787 | Elf:1    | Reached skill level 19 in Invocations
 50996 | Elf:2    | Reached skill level 10 in Dodging
 51146 | Elf:2    | Received a gift from Yredelemnul (a vampire knight)
 51874 | Elf:2    | Received a gift from Yredelemnul (a flayed ghost)
 52007 | Elf:2    | Found a runed translucent gate.
 52009 | Elf:2    | Found a runed translucent gate.
 52010 | Elf:2    | Found a runed translucent gate.
 52815 | Depths:4 | Noticed a golden dragon
 53219 | Depths:3 | Killed a golden dragon
 54161 | Depths:4 | Received a gift from Yredelemnul (a skeletal warrior)
 54478 | Depths:4 | Noticed the Enchantress
 55679 | Depths:4 | Received a gift from Yredelemnul (a flayed ghost)
 56129 | Depths:3 | Killed the Enchantress
 56130 | Depths:3 | Reached XP level 22. HP: 101/206 MP: 35/35
 56135 | Depths:3 | Your ally Enchantress died
 56860 | Depths:4 | Noticed a golden dragon
 56891 | Depths:4 | Killed a golden dragon
 56946 | Depths:4 | Received a gift from Yredelemnul (a profane servitor)
 57268 | Depths:5 | Entered Level 5 of the Depths
 57321 | Depths:5 | Reached skill level 20 in Invocations
 58181 | Depths:5 | Received a gift from Yredelemnul (a vampire knight)
 58297 | Depths:5 | Noticed Frederick
 58316 | Depths:5 | Killed Frederick
 58910 | Depths:5 | Identified a scroll of acquirement
 58913 | Depths:5 | Acquired the +0 pair of gloves "Iggupaky" {rN+ Str+3 Dex-5}
 59622 | Depths:5 | Received a gift from Yredelemnul (a vampire)
 59677 | Depths:5 | Found a gate to the Realm of Zot.
 59971 | Depths:5 | Identified the ring "Otereofa" {Wiz rF+ Int+4}
 61090 | Vaults:5 | Entered Level 5 of the Vaults
 61138 | Vaults:5 | Received a gift from Yredelemnul (a profane servitor)
 61305 | Vaults:5 | Received a gift from Yredelemnul (a profane servitor)
 61349 | Vaults:5 | Reached XP level 23. HP: 116/215 MP: 27/37
 61388 | Vaults:5 | Identified the cursed +0 executioner's axe "Xianacva"
                  | {freeze, rPois rF+ Stlth+}
 61433 | Vaults:5 | Received a gift from Yredelemnul (a vampire)
 62463 | Vaults:5 | Noticed a golden dragon
 62472 | Vaults:5 | Killed a golden dragon
 62480 | Vaults:5 | Reached skill level 21 in Invocations
 62694 | Vaults:5 | Received a gift from Yredelemnul (a vampire)
 62767 | Vaults:5 | Noticed a golden dragon
 62780 | Vaults:5 | Killed a golden dragon
 63124 | Vaults:5 | Identified the +9 spear "Nufrom" {elec, *Drain Str+3 Int+3
                  | Dex+3}
 63124 | Vaults:5 | Identified the +5 hand crossbow "Taciec" {vorpal, rN++}
 63485 | Vaults:5 | Got a silver rune of Zot
 63522 | Vaults:5 | Identified the +4 ring mail "Cate" {Int+2 SInv}
 63712 | Vaults:5 | Got a scintillating glass ring
 63728 | Vaults:5 | Identified the ring of the Okapi {*Tele Slay+2} (You found
                  | it on level 5 of the Vaults)
 63785 | Vaults:5 | Received a gift from Yredelemnul (a ghoul)
 64255 | Vaults:5 | Got a shimmering steel ring
 64286 | Vaults:5 | Identified the ring of Suff {rPois rF- Dex+3} (You found it
                  | on level 5 of the Vaults)
 64687 | Orc:2    | Bought a scroll of teleportation for 33 gold pieces
 64687 | Orc:2    | Bought a scroll of teleportation for 33 gold pieces
 64687 | Orc:2    | Bought a potion of heal wounds for 55 gold pieces
 64726 | Orc:2    | Bought the +27 Lear's hauberk for 2081 gold pieces
 64726 | Orc:2    | Found the +27 Lear's hauberk
 64759 | Orc:2    | Bought an uncursed ring of protection from fire for 300
                  | gold pieces
 64899 | D:11     | Bought 2 potions of heal wounds for 290 gold pieces
 65142 | Vaults:3 | Bought a scroll of teleportation for 63 gold pieces
 65142 | Vaults:3 | Bought 3 scrolls of blinking for 472 gold pieces
 65142 | Vaults:3 | Bought a scroll of teleportation for 63 gold pieces
 65142 | Vaults:3 | Bought a scroll of teleportation for 63 gold pieces
 65142 | Vaults:3 | Bought a scroll of magic mapping for 73 gold pieces
 65900 | Snake:2  | Bought a +2 kite shield for 247 gold pieces
 66280 | Zot:1    | Entered Level 1 of the Realm of Zot
 66280 | Zot:1    | Noticed a golden dragon
 66770 | Depths:5 | Received a gift from Yredelemnul (a ghoul)
 67089 | Depths:5 | Killed a golden dragon
 67455 | Depths:5 | Received a gift from Yredelemnul (a ghoul)
 68086 | Zot:1    | Reached XP level 24. HP: 174/218 MP: 37/37
 69018 | Zot:1    | Reached skill level 22 in Invocations
 69923 | Zot:2    | Received a gift from Yredelemnul (a flayed ghost)
 70588 | Zot:2    | Noticed an orb of fire
 70588 | Zot:2    | Gained mutation: Your mind is acute. (Int +2) [an orb of
                  | fire]
 70607 | Zot:2    | Gained mutation: You are clumsy. (Dex -2) [an orb of fire]
 70621 | Zot:2    | Killed an orb of fire
 71289 | Zot:2    | Noticed a curse toe
 71340 | Zot:2    | Killed a curse toe
 71341 | Zot:2    | Reached skill level 15 in Dodging
 72755 | Zot:3    | Received a gift from Yredelemnul (a bone dragon)
 73320 | Zot:3    | Reached skill level 23 in Invocations
 73414 | Zot:3    | Noticed a curse toe
 73433 | Zot:3    | Killed a curse toe
 73433 | Zot:3    | Received a gift from Yredelemnul (a flayed ghost)
 73695 | Zot:3    | Noticed a curse toe
 73811 | Zot:3    | HP: 8/228 [deathcap/drain life[a curse toe] (20)]
 73812 | Zot:3    | Noticed a Killer Klown
 73812 | Zot:3    | Splashed by a yellow draconian's acid

Illustrated notes

Levels and vault maps discovered:
D:1:      roderic_chinese_lattice_arrival, layout_loops_ring,
          minmay_misc_feat_enclosed
D:2:      minmay_general_purpose_star, layout_rooms, lemuel_round_altar,
          nzn_wu_jian_council_hall, minmay_pentomino_o4
D:3:      layout_basic, elyvilon_altar_5, lemuel_crystal_altar, uniq_grinder,
          uniq_ijyb
D:4:      layout_rooms, nicolae_ru_the_path_less_chosen, serial_rivers,
          chequers_serial_rivers_small_a, chequers_serial_rivers_room_b,
          chequers_serial_rivers_micro_a, chequers_serial_rivers_large_b
D:5:      layout_basic, uniq_menkaure, uniq_eustachio
D:6:      layout_loops_cross, dk_yredelemnul_ordeal
D:7:      layout_basic, regret_index_temple_of_mockery,
          minmay_temple_entry_drinking_statues, serial_shops,
          nicolae_shop_trees, enter_bailey_2
D:8:      layout_layer_cave, fedhas_altar_1, nicolae_qazlal_general_emergency,
          uniq_gastronok
D:9:      layout_roguey, nicolae_water_bricks, kennysheep_another_room,
          led_sif_book
D:10:     layout_gridville, lair_entry_dummy, david_orc_5
D:11:     layout_roguey [special_room_bee], serial_shops, shop, uniq_maurice
D:12:     layout_basic, minivault_29
D:13:     layout_cave_pools, david_vaults_2, uniq_nessos
D:14:     layout_rooms, gauntlet_entry_generic, chequers_serial_rivers_room_b,
          serial_corexii_hall, chequers_hall_statues_corner_a,
          corexii_hall_statues_x, chequers_hall_statues_wall_a, drop_trap,
          fake_guardian_serpent_vault, uniq_rupert
D:15:     hangedman_depths_entry_try_elsewhere_first, layout_loops_corners,
          grunt_decor_resistance
Lair:1:   layout_small_grid, basic_altar, grunt_megastairs_5, uniq_maggie
Lair:2:   layout_regular_city, beast_lair_carwin_8, serial_bayou_shore_a,
          uniq_urug, uniq_harold
Lair:3:   layout_hall_layers, minmay_snake_entry_guardpost_large,
          ebering_ghost_inner_flame
Lair:4:   layout_loops_ring, nicolae_swamp_entry_splash_gauntlet
Lair:5:   layout_cave_pods, dpeg_slime_entry_corner, special_room
          [special_room_mythical_zoo], infiniplex_staircase_pool_2
Lair:6:   minmay_lair_end_frog_pond, layout_gridlike
Swamp:1:  layout_basic_swamp, nicolae_swamp_feature_on_the_river_bank
Swamp:2:  layout_falls_marsh, evilmike_swamp_ruin_house_1, hangedman_swamp_pad,
          infiniplex_staircase_pool, uniq_frances
Swamp:3:  layout_basic_swamp, hangedman_swamp_cone
Swamp:4:  swamp_icy, layout_basic_swamp, swamp_pool2
Snake:1:  layout_onion, serial_bayou, serial_bayou_ford_a,
          serial_bayou_lagoon_b, serial_bayou_pond_b, serial_bayou_pond_c,
          uniq_louise
Snake:2:  layout_cave_shapes, grunt_ministairs_9, minmay_shop_star,
          grunt_megastairs_2, uniq_kirke
Snake:3:  layout_gridlike, uniq_azrael
Snake:4:  snake_pit_salamanders_mu, layout_basic, serial_bayou_crossing,
          grunt_megastairs_3, uniq_nikola, uniq_aizul, uniq_saint_roka
Orc:1:    layout_caves, basic_altar
Orc:2:    st_orc_open, layout_diamond_mine
Elf:1:    eino_elf_arrival_customs, layout_loops_ring,
          hangedman_elven_crosses_minicolossus
Elf:2:    layout_gridlike, guppyfry_elf_garden
Vaults:1: nicolae_vaults_minivaults, vaults_dpeg_encased_lava,
          vaults_mumra_chevron, layout_vaults_quadrants
Vaults:2: nicolae_vaults_statue_guard, v_misc_23,
          minmay_crypt_entry_simple_plaza, v_misc_10,
          nicolae_vaults_little_squares_4, vaults_mumra_hexcomb,
          vaults_dpeg_hooks, nicolae_vaults_theta,
          nicolae_vaults_little_squares_4, nicolae_vaults_ring_of_whatevers,
          layout_vaults_omnibox, serial_shops, shop,
          lightli_enter_wizlab_magi_temple
Vaults:3: nicolae_vaults_angled_halls, ontoclasm_vaults_bender,
          ontoclasm_vaults_fault, nicolae_vaults_know_your_exits,
          hangedman_vaults_variations, v_misc_5,
          nicolae_vaults_little_squares_3, v_rooms_6, ontoclasm_vaults_gateway,
          v_pattern_3, v_alt_pattern_3, ontoclasm_vaults_twist,
          layout_vaults_big_cross, serial_shops,
          nicolae_shop_temple_entry_statues_fountains,
          nicolae_shop_behind_doors, shop, shop, shop
Vaults:4: special_room_vaults [special_room_orc], v_rooms_4,
          nicolae_vaults_network_square, nicolae_vaults_yaktaur_gun_rack,
          v_alt_pattern_6, vaults_room_hallway,
          nicolae_vaults_stairing_the_circle, dpeg_vaults_monster_row,
          layout_vaults_chaotic_city, serial_shops, shop, basic_altar
Vaults:5
Depths:1: layout_basic, enter_ziggurat_b, hell_entry, grunt_decor_junction,
          minmay_starry_boxes
Depths:2: evilmike_iron_armoury, layout_basic, tso_altar, hell_entry,
          grunt_pan_entry_sceptre, chequers_jeans,
          infiniplex_staircase_pillars_2
Depths:3: minmay_the_grid_square_5x5_5x5_mashed [minmay_the_grid_square_5x5_n,
          minmay_the_grid_square_5x5_inner_v, minmay_the_grid_square_5x5_empty,
          minmay_the_grid_square_5x5_three, minmay_the_grid_square_5x5_comb,
          minmay_the_grid_square_5x5_beaten_path,
          minmay_the_grid_square_5x5_prize_junk,
          minmay_the_grid_square_5x5_longway,
          minmay_the_grid_square_5x5_prize_itemx,
          minmay_the_grid_square_5x5_minimal,
          minmay_the_grid_square_5x5_shrine2,
          minmay_the_grid_square_5x5_two_walls_a,
          minmay_the_grid_square_5x5_prize_snowflake,
          minmay_the_grid_square_5x5_z, minmay_the_grid_square_5x5_shrine1,
          minmay_the_grid_square_5x5_bite,
          minmay_the_grid_square_5x5_prize_pseudospiral,
          minmay_the_grid_square_5x5_checkered_statues,
          minmay_the_grid_square_5x5_prize_open,
          minmay_the_grid_square_5x5_fat_x,
          minmay_the_grid_square_5x5_spiral_small,
          minmay_the_grid_square_5x5_hourglass,
          minmay_the_grid_square_5x5_bridge, minmay_the_grid_square_5x5_corner,
          minmay_the_grid_square_5x5_six], layout_basic,
          grunt_pan_entry_in_and_out, grunt_decor_one_mirror, hell_entry,
          abyss_entry_flame_altar, ebering_ghost_reflecting_pool,
          minmay_shop_enchanted_jewellery, nicolae_rare_books, st_stairs_7
Depths:4: minmay_eight_partial_circles, layout_cave_pools,
          pf_vacation_house_of_asmodeus, hangedman_decor_opposing, abyss_entry,
          uniq_enchantress
Depths:5: grunt_zot_entry_hairpin, layout_gridville, hell_entry,
          chequers_hall_statues_corner_a, uniq_margery, uniq_frederick
Zot:1:    layout_basic, evilmike_ambush [evilmike_ambush_outer_basic,
          evilmike_ambush_inner_basic]
Zot:2:    layout_concentric_octagons, hangedman_elemental_corridor
Zot:3:    grunt_zot_stairs_faceoff, layout_gridlike

Skill      XL: |  1  2  3  4  5  6  7  8  9 10 11 12 13 14 15 16 17 18 19 20 21 22 23 24 |
---------------+-------------------------------------------------------------------------+-----
Armour         | 1 2 3 4 5 7 8 9 10 11 12 13 14 15 16 17 18 19 | 19.8
Fighting       | 4 5 6 7 8 9 11 12 13 14 15 16 17 18 19 20 21 | 21.3
Dodging        | 3 4 5 7 9 11 12 14 15 | 15.4
Axes           | 5 6 7 8 9 10 11 12 13 14 15 16 | 16.0
Invocations    | 2 5 7 9 10 12 13 14 15 16 17 18 19 20 21 23 | 23.0
Shields        | 2 5 7 8 9 10 11 12 13 14 15 | 15.0
Slings         | 3 5 6 8 9 10 | 10.2
Polearms       | 2 5 8 9 11 | 11.3
Stealth        | |  1.5

Action                   |  1- 3 |  4- 6 |  7- 9 | 10-12 | 13-15 | 16-18 | 19-21 | 22-24 || total
-------------------------+-------+-------+-------+-------+-------+-------+-------+-------++-------
Melee: Hand axe          |   150 |    92 |   141 |    69 |       |       |    80 |   118 ||   650
       Hunting sling     |       |       |     4 |       |       |       |       |       ||     4
       War axe           |       |       |       |   282 |   808 |   245 |       |       ||  1335
       Trident           |       |       |       |       |       |   738 |  2078 |  1811 ||  4627
 Fire: Hunting sling     |       |    62 |   313 |   184 |     4 |       |       |       ||   563
Invok: Animate Remains   |       |       |    11 |       |       |       |       |       ||    11
       Animate Dead      |       |       |    12 |    90 |   164 |   148 |   158 |   144 ||   716
       Recall Undead Sla |       |       |     1 |     3 |    10 |    11 |     8 |     9 ||    42
       Injury Mirror     |       |       |       |     1 |       |       |       |       ||     1
       Drain Life        |       |       |       |       |     4 |     3 |    14 |    24 ||    45
       Enslave Soul      |       |       |       |       |     1 |     3 |       |     1 ||     5
Evoke: Wand              |       |       |    16 |    19 |    11 |       |       |     3 ||    49
  Use: Scroll            |       |    10 |     7 |    12 |    15 |    12 |    10 |    16 ||    82
       Potion            |       |       |       |       |     3 |       |     4 |     9 ||    16
 Stab: Sleeping          |     1 |       |     2 |     4 |       |       |     2 |     2 ||    11
       Distracted        |       |       |       |    16 |    13 |    17 |    19 |    40 ||   105
       Paralysed         |       |       |       |       |     2 |     2 |       |       ||     4
Armor: Robe              |    13 |       |       |       |       |       |       |       ||    13
       Ring mail         |     7 |    32 |    78 |   111 |       |       |       |       ||   228
       Scale mail        |       |       |    42 |    36 |   282 |   258 |   401 |   202 ||  1221
       Leather armour    |       |       |       |    11 |       |       |       |       ||    11
       Plate armour      |       |       |       |       |     8 |       |       |       ||     8
       Chain mail        |       |       |       |       |       |       |       |   317 ||   317
Dodge: Dodged            |    69 |    60 |   162 |   214 |   292 |   271 |   448 |   560 ||  2076
Block: Kite shield       |       |       |    31 |   251 |   459 |   391 |   976 |  1218 ||  3326
       Reflection        |       |       |       |       |       |       |   118 |    28 ||   146
